 Dungeon Crawl Stone Soup version 0.29.1-14-g9c671dbff4 (webtiles) character file.

Game seed: 14533897882672269405

21 Peloso the Covered (level 2, -3/27 HPs)
             Began as a Minotaur Fighter on Feb 17, 2023.
             Slain by Terence
             ... wielding a +0 hand axe
              (6 damage)
             ... on level 3 of the Dungeon.
             The game lasted 00:02:03 (1460 turns).

Peloso the Covered (Minotaur Fighter)               Turns: 1460, Time: 00:02:04

Health: -3/27      AC: 11    Str: 20    XL:     2   Next: 65%
Magic:  1/1        EV:  5    Int:  5    God:
Gold:   60         SH:  4    Dex:  9    Spells: 1/1 levels left

rFire   . . .      SeeInvis .   a - +0 long sword
rCold   . . .      Faith    .   d - +0 buckler
rNeg    . . .      Spirit   .   c - +0 plate armour
rPois   .          Reflect  .   (helmet restricted)
rElec   .          Harm     .   (no cloak)
rCorr   .          Rampage  .   (no gloves)
Will    .....                   (no boots)
Stlth   ..........              (no amulet)
HPRegen 0.09/turn               (no ring)
MPRegen 0.07/turn               (no ring)

@: no status effects
A: horns 2, retaliatory headbutt
a: no special abilities


You were on level 3 of the Dungeon.
You visited 1 branch of the dungeon, and saw 3 of its levels.

You collected 60 gold pieces.

Inventory:

Hand Weapons
 a - a +0 long sword (weapon)
Armour
 b - a +0 scale mail
 c - a +0 plate armour (worn)
 d - a +0 buckler (worn)
Scrolls
 e - a scroll of brand weapon
 f - a scroll of summoning
 g - a scroll of amnesia
Potions
 i - a potion of might


   Skills:
 + Level 4.0 Fighting
 + Level 2.7 Long Blades
 + Level 4.1 Armour
 + Level 0.1 Dodging
 + Level 3.9 Shields


You had one spell level left.
You didn't know any spells.
Your spell library was empty.

Dungeon Overview and Level Annotations

Branches:
Dungeon (3/15)

Altars:

Annotations:
D:3 Terence


Innate Abilities, Weirdness & Mutations

You have a pair of horns on your head.
You reflexively headbutt those who attack you in melee.


Message History

It was a scroll of immolation.
Done exploring.
Done exploring.
Search for what [? for help]? armour
(D) Dungeon
Where to? (Enter - D:12, ? - help)
What level of the Dungeon? (default 1, ? - help)
There is an open door here.
There is a stone staircase leading down here.
You climb downwards.
There is a stone staircase leading up here.
Sorry, I don't know how to get there.
Terence the Incautious comes into view.
He is wielding a +0 hand axe.
Terence shouts!
Terence is nearby!
Terence is nearby!
Terence is nearby!
Found a stone staircase leading down.
Terence hits you but does no damage.
You hit Terence but do no damage. You block Terence's attack.
You closely miss Terence. You headbutt Terence, but do no damage.
Terence hits you with a +0 hand axe.
You barely miss Terence. Terence hits you with a +0 hand axe.
You hit Terence but do no damage. Terence hits you with a +0 hand axe. x2
You hit Terence but do no damage. Your headbutt misses Terence.
Terence hits you with a +0 hand axe.
You hit Terence but do no damage. You headbutt Terence, but do no damage.
You block Terence's attack.
You barely miss Terence. Terence hits you but does no damage.
A ball python comes into view.
Terence hits you with a +0 hand axe!
* * * LOW HITPOINT WARNING * * *
The ball python hisses angrily.
You hit Terence.
Terence is lightly wounded.
Terence hits you but does no damage.
You hit Terence.
Terence is moderately wounded.
Terence hits you with a +0 hand axe.
You die...

#.# #.##..#
#.##..# #.##..#
#.##..# # #.##..##
####.###.##...
.........##.##.##
###...<.S.@@...#
......#..........#
.###.
#.###.......# #
.... .........
#.##.. .........
.> #..##........ #
#..##........
.............


You could see Terence and a ball python.

Vanquished Creatures
  A dart slug (D:1)
  3 endoplasms
  A giant cockroach (D:1)
  2 goblins
  A hobgoblin (D:1)
  2 quokkas (D:2)
  3 ball pythons
  A bat (D:1)
  A frilled lizard (D:1)
  A kobold (D:2)
  A rat (D:1)
17 creatures vanquished.

Notes
Turn   | Place    | Note
-------+----------+-------------------------------------------
     0 | D:1      | Peloso the Minotaur Fighter began the quest for the Orb.
     0 | D:1      | Reached XP level 1. HP: 19/19 MP: 0/0
   312 | D:1      | Reached XP level 2. HP: 27/27 MP: 1/1
  1448 | D:3      | Noticed Terence
  1460 | D:3      | Slain by Terence

Illustrated notes

Levels and vault maps discovered:
D:1:      dpeg_arrival_arbitrary_b, layout_basic
D:2:      layout_basic
D:3:      layout_loops_ring, grunt_temple_overflow_bloody_war, uniq_terence,
          uniq_grinder

Skill      XL: |  1  2 |
---------------+-------+-----
Armour         | 4 |  4.1
Fighting       | 4 |  4.0
Long Blades    | |  2.7
Dodging        | |  0.1
Shields        | |  3.9

Action                   || total
-------------------------++-------
Melee: Long sword        ||    60
       Headbutt          ||     6
  Use: Scroll            ||     5
Armor: Scale mail        ||    17
       Plate armour      ||    14
Dodge: Dodged            ||    20
Block: Buckler           ||    19
